 Dungeon Crawl Stone Soup version 0.26-a0-812-g31a745ddcd (webtiles) character file.

Game seed: 10998169153065794926

18 mkm the Firebug (level 2, -5/20 HPs)
             Began as a Draconian Fire Elementalist on Nov 26, 2020.
             Slain by Sigmund
             ... wielding a +0 scythe
              (13 damage)
             ... on level 2 of the Dungeon.
             The game lasted 00:05:28 (1092 turns).

mkm the Firebug (Draconian Fire Elementalist)       Turns: 1092, Time: 00:05:28

Health: -5/20      AC:  4    Str: 10    XL:     2   Next: 51%
Magic:  1/5        EV: 12    Int: 15    God:
Gold:   79         SH:  0    Dex: 11    Spells: 4/5 levels left

rFire    . . .     SeeInvis .   d - +2 dagger (distort)
rCold    . . .     Faith    .   (no shield)
rNeg     . . .     Spirit   .   (armour unavailable)
rPois    .         Reflect  .   (helmet restricted)
rElec    .         Harm     .   (no cloak)
rCorr    .         Rampage  .   (no gloves)
MR       .....                  (no boots)
Stlth    ++........             (no amulet)
HPRegen  0.06/turn              b - ring of wizardry
MPRegen  0.09/turn              (no ring)

@: flying (expiring)
A: unfitting armour, cold-blooded, AC +4
a: no special abilities


You were on level 2 of the Dungeon.
You visited 1 branch of the dungeon, and saw 2 of its levels.

You collected 79 gold pieces.

Inventory:

Hand Weapons
 d - a +2 dagger of distortion (weapon)
Jewellery
 b - a ring of wizardry (left hand)
Scrolls
 e - a scroll of amnesia


   Skills:
 + Level 1.9 Dodging
 + Level 1.9 Stealth
 + Level 2.3 Spellcasting
 + Level 1.1 Conjurations
 + Level 3.4 Fire Magic


You had 4 spell levels left.
You knew the following spells:

 Your Spells              Type           Power        Failure   Level
a - Foxfire               Conj/Fire      #...         3%          1

Your spell library contained the following spells:

 Spells                   Type           Power        Failure   Level
 Conjure Flame            Conj/Fire      #.......     11%         3
 Inner Flame              Hex/Fire       #.......     13%         3
 Sticky Flame             Conj/Fire      #.......     32%         4
 Fireball                 Conj/Fire      #.........   65%         5


Dungeon Overview and Level Annotations

Branches:
Dungeon (2/15)

Altars:
Fedhas

Annotations:
D:2 Sigmund


Innate Abilities, Weirdness & Mutations

Your plain brown scales are hard. (AC +4)
You cannot fit into any form of body armour.
You are cold-blooded and may be slowed by cold attacks.


Message History

You conjure some foxfire!
Sigmund points at you and mumbles some strange words.
You are confused.
You barely miss your foxfire.
The foxfire hits Sigmund but does no damage.
Sigmund is moderately wounded.
The foxfire hits Sigmund.
Sigmund is moderately wounded.
You are starting to lose your buoyancy.
Sigmund closely misses you.
You're too confused to move!
Sigmund gestures at you while chanting. You resist with significant effort.
Your magical contamination has completely faded away.
You aren't carrying any potions.
You aren't carrying any potions.
You feel less confused.
Sigmund hits you from afar with a +0 scythe!
Ouch! That really hurt!
You die...

#.##....>...##.#
#.###.####.###.# #.#
#.# #<....# #.###.#
#.##### #####.....#
#.# #....#########.#
#.##.# ##...#.# #.##.#
##......#
#.##.###.@.....#######
#.....................
#..#.###..@.....##....
#..#.# ##..........#
#....# ##......#####.
##.### #####...<....
#.# #.####### #ยง# #.#
#.# #'#


You could see Sigmund.

Vanquished Creatures
  2 dart slugs (D:1)
  4 bats (D:1)
  A goblin (D:2)
  A ball python (D:2)
  3 frilled lizards (D:1)
  4 kobolds (D:1)
  3 rats (D:1)
18 creatures vanquished.

Vanquished Creatures (others)
  41 foxfires
41 creatures vanquished.

Grand Total: 59 creatures vanquished

Notes
Turn   | Place    | Note
-------+----------+-------------------------------------------
     0 | D:1      | mkm the Draconian Fire Elementalist began the quest for the
                  | Orb.
     0 | D:1      | Reached XP level 1. HP: 14/14 MP: 3/3
   318 | D:1      | Reached XP level 2. HP: 20/20 MP: 5/5
   901 | D:1      | Found a blossoming altar of Fedhas.
  1070 | D:2      | Noticed Sigmund
  1092 | D:2      | Slain by Sigmund

Illustrated notes

Levels and vault maps discovered:
D:1:      dpeg_arrival_water_altar, layout_basic
D:2:      layout_loops_corners, lemuel_round_altar,
          lemuel_coloured_pillars_altar, marbit_many_paths, uniq_natasha,
          uniq_sigmund

Action                   || total
-------------------------++-------
Melee: Dagger            ||    10
 Cast: Foxfire           ||    30
  Use: Scroll            ||     3
       Potion            ||     1
 Stab: Sleeping          ||     4
Armor: Skin              ||     2
Dodge: Dodged            ||     7

Table legend: (Time is in decaauts)
 A = Elapsed time spent in this place.
 B = Non-inter-level travel time spent in this place.
 C = Inter-level travel time spent in this place.
 D = Time resting spent in this place.
 E = Time spent auto-exploring this place.
 F = Levels seen in this place.
 G = Mean time per level.
                   A        B        C        D        E       F      G
               +--------+--------+--------+--------+--------+-----+--------+
         Total |   1095 |   1067 |     28 |     46 |    885 |   2 |  547.5 |
       Dungeon |   1095 |   1067 |     28 |     46 |    885 |   2 |  547.5 |
               +--------+--------+--------+--------+--------+-----+--------+

Top non-repeatable levels by time:
     D:1: 942 daAuts
     D:2: 152 daAuts
